[Event "Titled Tuesday Blitz January 10 Late 2023"]
[White "Gurevich, Dmitry"]
[Black "Liu, Kelsey"]
[WhiteFideId "2000407"]
[BlackFideId "30944481"]
[WhiteElo "2393"]
[BlackElo "2065"]
[Result "0-1"]
[Round "05"]
[TimeControl "180+2"]
[Date "2023.01.10"]
[WhiteClock "0:00:02"]
[BlackClock "0:00:10"]

1. d4 Nf6 2. c4 e6 3. Nc3 Bb4 4. a3 Bxc3+ 5. bxc3 O-O 6. e3 d5 7. cxd5 exd5 8. Bd3 c6 9. Ne2 Re8 10. O-O Bg4 11. f3 Bh5 12. Nf4 Bg6 13. Nxg6 hxg6 14. Re1 Nbd7 15. e4 dxe4 16. fxe4 c5 17. e5 Nd5 18. Be4 Nxc3 19. Qf3 Nxe4 20. Rxe4 cxd4 21. Bf4 Qb6 22. Rf1 Nc5 23. Ree1 Qe6 24. Bd2 a5 25. h4 Rad8 26. h5 gxh5 27. Qxh5 Rd5 28. Rf3 g6 29. Qh6 Rxe5 30. Rxe5 Qxe5 31. Bg5 Qe1+ 32. Kh2 Qe5+ 33. Kg1 Qg7 34. Qh4 Re4 35. Qh3 Re1+ 36. Kf2 Re6 37. Qg3 d3 38. Qb8+ Qf8 39. Qxf8+ Kxf8 40. Be3 d2 41. Bxd2 Ne4+ 42. Ke2 Nxd2+ 43. Kxd2 Ke7 44. Rb3 b6 45. Kd3 Kd7 46. Kc4 Kc6 47. Rf3 Re4+ 48. Kd3 f5 49. Kc2 Rg4 50. g3 Re4 51. Kd2 Rd4+ 52. Kc3 Ra4 53. Kb2 Re4 54. Kc2 Kc5 55. Kd3 b5 56. Rf2 b4 57. Rc2+ Kb5 58. axb4 axb4 59. Rc7 Rg4 60. Rb7+ Kc5 61. Rc7+ Kb6 62. Re7 Rxg3+ 63. Kc4 Rg4+ 0-1


[Site "https://www.chess.com"]

[Event "Titled Tuesday Blitz January 10 Late 2023"]
[White "Aguilar, Juan"]
[Black "Rodriguez Santiago, Jaime"]
[WhiteFideId "3800091"]
[BlackFideId "3100898"]
[WhiteElo "2254"]
[BlackElo "2026"]
[Result "1-0"]
[Round "05"]
[TimeControl "180+2"]
[Date "2023.01.10"]
[WhiteClock "0:01:32"]
[BlackClock "0:01:29"]

1. g3 g6 2. Bg2 Bg7 3. d3 d6 4. Nf3 Nf6 5. O-O O-O 6. e4 e5 7. Nc3 Nc6 8. Bg5 h6 9. Bd2 Bg4 10. h3 Bxf3 11. Bxf3 Nd4 12. Bg2 c6 13. a4 a5 14. Ne2 Ne6 15. c3 Qb6 16. Qc2 Nh5 17. Be3 Qc7 18. d4 f5 19. exf5 gxf5 20. dxe5 dxe5 21. Qb3 Qf7 22. Rad1 f4 23. Bc1 f3 24. Bxf3 Qxf3 25. Qxe6+ Kh8 26. Qg4 Qxg4 27. hxg4 Nf6 28. g5 hxg5 29. Bxg5 Rae8 30. Bxf6 Rxf6 31. Rd7 b5 32. Ra7 b4 33. Rxa5 bxc3 34. bxc3 e4 35. Rh5+ Kg8 36. Ra1 Ref8 37. Nf4 Rxf4 38. gxf4 Rxf4 39. Rc5 Rf6 40. a5 Rg6+ 41. Kf1 1-0


[Site "https://www.chess.com"]

[Event "Titled Tuesday Blitz January 10 Late 2023"]
[White "Rodriguez Fontecha, Marcos"]
[Black "De Souza, Cristiano Gomes"]
[WhiteFideId "2256576"]
[BlackFideId "2151758"]
[WhiteElo "2309"]
[BlackElo "2018"]
[Result "1-0"]
[Round "05"]
[TimeControl "180+2"]
[Date "2023.01.10"]
[WhiteClock "0:00:05"]
[BlackClock "0:00:13"]

1. e4 c5 2. Nc3 d6 3. g3 a6 4. Bg2 Nc6 5. d3 g6 6. Be3 Bg7 7. Qd2 Nd4 8. Nd1 Bd7 9. c3 Ne6 10. Ne2 Rb8 11. O-O h5 12. h3 b5 13. f4 Nc7 14. f5 Nf6 15. fxg6 fxg6 16. Nf4 g5 17. Nd5 Ncxd5 18. exd5 g4 19. h4 O-O 20. Bh6 Nh7 21. Bxg7 Kxg7 22. Ne3 Qe8 23. Rxf8 Nxf8 24. Rf1 Qg6 25. Be4 Qh6 26. Qf2 Qf6 27. Qe2 Qe5 28. Kh2 Ng6 29. Bf5 Rf8 30. Be4 Nxh4 31. Rxf8 Kxf8 32. Qf2+ Kg7 33. a4 bxa4 34. Nc4 Qg5 35. gxh4 Qc1 36. Ne3 a3 37. bxa3 Qxc3 38. Bf5 Bb5 39. Be6 Qf6 40. Nf5+ Kg6 41. Qe3 Qb2+ 42. Kg3 Qe5+ 43. Qxe5 dxe5 44. Nxe7+ Kf6 45. Ng8+ Kg7 46. d6 Bxd3 47. d7 e4 48. d8=Q e3 49. Qg5+ Kf8 50. Qf6+ Ke8 51. Qf7+ Kd8 52. Qd7# 1-0


[Site "https://www.chess.com"]

[Event "Titled Tuesday Blitz January 10 Late 2023"]
[White "Kozin, Yuri"]
[Black "Thiel, Thomas"]
[WhiteFideId "4129920"]
[BlackFideId "4615964"]
[WhiteElo "2251"]
[BlackElo "2234"]
[Result "1-0"]
[Round "05"]
[TimeControl "180+2"]
[Date "2023.01.10"]
[WhiteClock "0:00:15"]
[BlackClock "0:00:37"]

1. e4 d5 2. exd5 Nf6 3. c4 c6 4. d4 cxd5 5. Nc3 Nc6 6. Bg5 Be6 7. Be2 g6 8. Bf3 Bf5 9. cxd5 Nb8 10. Nge2 Bg7 11. O-O O-O 12. Ng3 Bc8 13. Re1 Nbd7 14. Qb3 Nb6 15. a4 a5 16. Rac1 Qd6 17. Nb5 Qb4 18. Qxb4 axb4 19. b3 Nfxd5 20. Bxe7 Nxe7 21. Rxe7 Bf6 22. Rec7 Bg5 23. Re1 Be6 24. Bxb7 Rad8 25. Ne4 Bf4 26. Rc6 Nd7 27. d5 Bxd5 28. g3 Bxc6 29. Bxc6 Nb8 30. Bb7 Be5 31. a5 Bd4 32. a6 Nd7 33. Nxd4 Ne5 34. f4 Nd3 35. Rd1 Rxd4 36. a7 f5 37. Ng5 1-0


[Site "https://www.chess.com"]

[Event "Titled Tuesday Blitz January 10 Late 2023"]
[White "Sohier, Julien"]
[Black "Jovic, Stanoje"]
[WhiteFideId "645346"]
[BlackFideId "905020"]
[WhiteElo "2214"]
[BlackElo "2075"]
[Result "0-1"]
[Round "05"]
[TimeControl "180+2"]
[Date "2023.01.10"]
[WhiteClock "0:00:17"]
[BlackClock "0:00:33"]

1. e4 c6 2. Nf3 d5 3. d3 dxe4 4. dxe4 Qxd1+ 5. Kxd1 Bg4 6. Be2 Bxf3 7. Bxf3 h5 8. a4 g6 9. a5 Bh6 10. Bxh6 Rxh6 11. Nd2 g5 12. h3 Nd7 13. Nc4 O-O-O 14. Ke2 Kc7 15. g3 e5 16. Rhd1 Ne7 17. Rd2 f6 18. Rad1 Nc8 19. Ne3 Ne7 20. Nf5 Nxf5 21. exf5 h4 22. g4 Rhh8 23. b4 Nb8 24. Rxd8 Rxd8 25. Rxd8 Kxd8 26. Kd3 Kc7 27. c4 b6 28. axb6+ axb6 29. c5 bxc5 30. bxc5 Kb7 31. Kc3 Na6 32. Kc4 Nc7 33. Be4 Nb5 34. Bf3 Nd4 35. Bd1 Ka6 36. Kb4 e4 37. Kc4 Nf3 38. Be2 Ka5 39. Bf1 Nd2+ 0-1


[Site "https://www.chess.com"]

[Event "Titled Tuesday Blitz January 10 Late 2023"]
[White "Martinez Reyes, Pedro Ramon"]
[Black "Kabilov, Amin"]
[WhiteFideId "3901807"]
[BlackFideId "14700859"]
[WhiteElo "2376"]
[BlackElo "2207"]
[Result "1-0"]
[Round "05"]
[TimeControl "180+2"]
[Date "2023.01.10"]
[WhiteClock "0:01:27"]
[BlackClock "0:00:07"]

1. d4 Nf6 2. Nf3 g6 3. Bg5 Bg7 4. Nbd2 O-O 5. c3 d6 6. e3 h6 7. Bh4 Nc6 8. Bb5 Bd7 9. O-O a6 10. Ba4 Qe8 11. Bc2 e5 12. dxe5 Nxe5 13. Nxe5 dxe5 14. Bxf6 Bxf6 15. Ne4 Bg7 16. Nc5 Bc6 17. Be4 Bxe4 18. Nxe4 Qc6 19. Qf3 f5 20. Nd2 e4 21. Qe2 Rad8 22. Qc4+ Qxc4 23. Nxc4 b5 24. Na5 Rd2 25. Rab1 c5 26. Nb3 Rd5 27. Rfd1 Rfd8 28. Rxd5 Rxd5 29. Kf1 Be5 30. Ke2 Kf7 31. Rd1 Ke6 32. h3 Rxd1 33. Kxd1 Kd5 34. Kc2 g5 35. Nd2 f4 36. b3 c4 37. bxc4+ bxc4 38. Nf1 h5 39. g4 hxg4 40. hxg4 Bc7 41. Nd2 Bb6 42. exf4 gxf4 43. f3 e3 44. Ne4 Ke5 45. Kd1 Ba5 46. Ke2 Bb6 47. a4 a5 48. Kd1 Ba7 49. Ng5 Kf6 50. Ne4+ Ke5 51. g5 Bb6 52. g6 Ke6 53. Nd6 Bc5 54. g7 1-0


[Site "https://www.chess.com"]

[Event "Titled Tuesday Blitz January 10 Late 2023"]
[White "Stanisz, Patryk"]
[Black "Belenkaya, Dina"]
[WhiteFideId "1123106"]
[BlackFideId "24142654"]
[WhiteElo "2161"]
[BlackElo "2267"]
[Result "1-0"]
[Round "05"]
[TimeControl "180+2"]
[Date "2023.01.10"]
[WhiteClock "0:00:06"]
[BlackClock "0:00:21"]

1. d4 Nf6 2. c4 g6 3. Nc3 Bg7 4. e4 d6 5. Be2 O-O 6. g4 e5 7. d5 Ne8 8. h4 a6 9. h5 g5 10. h6 Bf6 11. Rh5 Kh8 12. Be3 Nd7 13. Qd2 Rg8 14. Nh3 Nc5 15. O-O-O b5 16. f3 b4 17. Nb1 a5 18. Nxg5 Qe7 19. Nh3 Qf8 20. Rg1 a4 21. g5 Be7 22. f4 a3 23. bxa3 b3 24. Bxc5 b2+ 25. Qxb2 dxc5 26. Qxe5+ f6 27. Qc3 Bd6 28. e5 Bxh3 29. Rxh3 fxe5 30. Rf3 Qf5 31. Bd3 Qf7 32. Rgf1 Qe7 33. Re1 Qf7 34. Bc2 Rxg5 35. fxe5 Bxe5 36. Rxf7 Bxc3 37. Nxc3 Rg8 38. Rxh7# 1-0


[Site "https://www.chess.com"]

[Event "Titled Tuesday Blitz January 10 Late 2023"]
[White "Floresvillar Gonzalez, Luis Migu"]
[Black "Necromon"]
[WhiteFideId "5100542"]
[WhiteElo "2043"]
[BlackElo "2454"]
[Result "1/2-1/2"]
[Round "05"]
[TimeControl "180+2"]
[Date "2023.01.10"]
[WhiteClock "0:00:20"]
[BlackClock "0:00:22"]

1. d4 d5 2. c3 Nf6 3. Bg5 c5 4. e3 Nc6 5. Bxf6 gxf6 6. Bd3 e5 7. Ne2 Be6 8. Nd2 Qb6 9. Qb3 c4 10. Qxb6 axb6 11. Bc2 b5 12. a3 b4 13. cxb4 Nxb4 14. O-O-O Nxc2 15. Kxc2 Bf5+ 16. Kc1 Rxa3 17. e4 Ra1+ 18. Kc2 Rxd1 19. Rxd1 dxe4 20. Kc3 b5 21. dxe5 fxe5 22. Ng3 Be6 23. Ndxe4 b4+ 24. Kc2 Be7 25. Nd6+ Kf8 26. f3 h5 27. Rd2 h4 28. Nge4 f5 29. Nc5 Rh6 30. Nxe6+ Rxe6 31. Nxc4 Kf7 32. Re2 Kf6 33. b3 Bc5 34. g3 h3 35. Ne3 e4 36. Nd5+ Ke5 37. fxe4 fxe4 38. Nf4 Rh6 39. Nd3+ Kd4 40. Nxc5 Kxc5 41. Rxe4 Rf6 42. Re2 Rf3 43. Kb2 Kd4 44. Rc2 Rf1 45. Rc4+ Kd3 46. Rxb4 Rf2+ 47. Ka3 Rxh2 48. Rh4 Rh1 49. Kb4 h2 50. g4 Ke4 51. g5+ Kf5 52. Rh5 Kg6 53. Rh3 Kxg5 54. Kb5 Kg4 55. Rh8 Kg3 56. Rg8+ Kf3 57. Rh8 Kg3 58. Rg8+ Kf2 59. Rh8 Kg3 1/2-1/2


[Site "https://www.chess.com"]

[Event "Titled Tuesday Blitz January 10 Late 2023"]
[White "Sabar, Ethmane Daouda"]
[Black "Estrada Nieto, Julian"]
[WhiteFideId "19600097"]
[BlackFideId "5101018"]
[WhiteElo "2040"]
[BlackElo "2215"]
[Result "0-1"]
[Round "05"]
[TimeControl "180+2"]
[Date "2023.01.10"]
[WhiteClock "0:00:14"]
[BlackClock "0:01:26"]

1. b3 d5 2. Bb2 Nf6 3. e3 Bg4 4. f3 Bf5 5. g4 Bg6 6. h4 h5 7. g5 Nfd7 8. d4 e6 9. Bd3 Bxd3 10. Qxd3 g6 11. Ne2 Bg7 12. Nf4 c5 13. Nd2 Nc6 14. a3 O-O 15. O-O-O Rc8 16. e4 Nxd4 17. exd5 Ne5 18. Qf1 exd5 19. Bxd4 cxd4 20. Nd3 Qa5 21. Nb1 Rc3 22. Nxe5 Bxe5 23. Nxc3 Qxa3+ 24. Kd2 dxc3+ 25. Ke2 Bg3 26. Qg2 Qa6+ 27. Rd3 Re8+ 0-1


[Site "https://www.chess.com"]

[Event "Titled Tuesday Blitz January 10 Late 2023"]
[White "Bulgurlu, Okan"]
[Black "Becerra, Juan David"]
[WhiteFideId "6352316"]
[BlackFideId "4404998"]
[WhiteElo "1908"]
[BlackElo "2382"]
[Result "0-1"]
[Round "05"]
[TimeControl "180+2"]
[Date "2023.01.10"]
[WhiteClock "0:00:01"]
[BlackClock "0:00:36"]

1. e4 e5 2. Nf3 Nc6 3. Bc4 Bc5 4. c3 Nf6 5. O-O d6 6. d4 Bb6 7. dxe5 dxe5 8. Qxd8+ Nxd8 9. Nxe5 Nxe4 10. Bd3 Nd6 11. Re1 O-O 12. Bf4 Bf5 13. Nd2 Ne6 14. Bxf5 Nxf5 15. Bg3 Nxg3 16. hxg3 Rfd8 17. Rad1 Rd5 18. Ndc4 Rad8 19. Rxd5 Rxd5 20. Kf1 g6 21. Ng4 Kg7 22. Ke2 h5 23. Nxb6 axb6 24. Ne3 Ra5 25. a3 Rb5 26. b4 Re5 27. Rd1 g5 28. Rd7 h4 29. gxh4 gxh4 30. Kf1 b5 31. Rd5 Rxd5 32. Nxd5 Kg6 33. Ke2 Kf5 34. Ne3+ Ke4 35. f3+ Kf4 36. Nd5+ Kg3 37. Ne3 Nf4+ 38. Kf1 Nxg2 39. Nf5+ Kxf3 40. Nxh4+ Nxh4 41. Ke1 Ke3 0-1


[Site "https://www.chess.com"]

[Event "Titled Tuesday Blitz January 10 Late 2023"]
[White "Szyszylo, Rafal"]
[Black "Papp, Petra"]
[WhiteFideId "1109626"]
[BlackFideId "739049"]
[WhiteElo "2091"]
[BlackElo "2343"]
[Result "1-0"]
[Round "05"]
[TimeControl "180+2"]
[Date "2023.01.10"]
[WhiteClock "0:00:14"]
[BlackClock "0:00:05"]

1. e4 c5 2. Nf3 d6 3. d4 cxd4 4. Nxd4 Nf6 5. Nc3 a6 6. Bc4 e6 7. Bb3 Be7 8. g4 Nc6 9. g5 Nxd4 10. Qxd4 e5 11. Qd3 Nd7 12. h4 Nc5 13. Qg3 Nxb3 14. axb3 Bd7 15. f4 exf4 16. Bxf4 Bc6 17. O-O-O Qa5 18. Kb1 Rd8 19. Nd5 Bxd5 20. Rxd5 Qb4 21. Qd3 O-O 22. h5 g6 23. Bd2 Qb6 24. Bc3 Bxg5 25. Rxg5 f6 26. Qd5+ Kg7 27. hxg6 h6 28. Rgh5 Qc7 29. Rxh6 Rh8 30. Rh7+ Rxh7 31. Rxh7+ 1-0


[Site "https://www.chess.com"]

[Event "Titled Tuesday Blitz January 10 Late 2023"]
[White "Osmonbekov, Talaibek"]
[Black "Gracia Alvarez, Gerardo Antonio"]
[WhiteFideId "2017253"]
[BlackFideId "5109124"]
[WhiteElo "2137"]
[BlackElo "2238"]
[Result "1-0"]
[Round "05"]
[TimeControl "180+2"]
[Date "2023.01.10"]
[WhiteClock "0:00:24"]
[BlackClock "0:00:03"]

1. d4 Nf6 2. Bf4 g6 3. Nc3 d5 4. e3 Bg7 5. h4 O-O 6. h5 c5 7. Nf3 Bg4 8. hxg6 hxg6 9. Qd2 Nc6 10. Ne5 Nxe5 11. dxe5 Ne4 12. Qxd5 Nxc3 13. Qxd8 Rfxd8 14. bxc3 Bf5 15. Rc1 g5 16. Bg3 Bg6 17. f4 a6 18. Be2 Be4 19. Bf3 Bxf3 20. gxf3 f6 21. fxg5 fxg5 22. e4 Kf7 23. Ke2 Rh8 24. c4 Ke6 25. Rxh8 Rxh8 26. Rb1 b5 27. cxb5 Bxe5 28. Bxe5 Kxe5 29. b6 Rb8 30. Ke3 Kd6 31. Kd3 Kc6 32. Kc4 e6 33. a4 Rxb6 34. Rg1 Rb2 35. c3 Rf2 36. Rxg5 Rxf3 37. Rxc5+ Kd6 38. e5+ Kd7 39. Ra5 Rf4+ 40. Kd3 Rf5 41. Ke4 Rf1 42. Rxa6 Rc1 43. Rd6+ Ke7 44. Rc6 Ra1 45. Rc4 Kd7 46. Rd4+ Kc7 47. Kf4 Ra3 48. Rc4+ Kb6 49. Kg5 Ra1 50. Kf6 1-0


[Site "https://www.chess.com"]

[Event "Titled Tuesday Blitz January 10 Late 2023"]
[White "Sailer, Mike"]
[Black "Perez Rodriguez, Jennifer"]
[WhiteFideId "2012901"]
[BlackFideId "3507831"]
[WhiteElo "2109"]
[BlackElo "2242"]
[Result "0-1"]
[Round "05"]
[TimeControl "180+2"]
[Date "2023.01.10"]
[WhiteClock "0:00:02"]
[BlackClock "0:00:39"]

1. d4 d5 2. Bf4 c5 3. e3 Nc6 4. Nc3 cxd4 5. exd4 a6 6. Nf3 Nf6 7. Be2 Bg4 8. O-O e6 9. h3 Bh5 10. Ne5 Bxe2 11. Nxe2 Bd6 12. c3 O-O 13. Nc1 Qc7 14. Ncd3 Ne4 15. Nxc6 Qxc6 16. Bxd6 Qxd6 17. Re1 Rac8 18. Qe2 a5 19. a3 b5 20. f3 Ng3 21. Qe5 Qxe5 22. Rxe5 Nf5 23. Nc5 Nd6 24. g4 Rfd8 25. f4 g6 26. Rae1 Nc4 27. R1e2 Nd6 28. R5e3 Rb8 29. Nd3 Rdc8 30. Kg2 Kg7 31. Nc5 b4 32. axb4 axb4 33. Na6 bxc3 34. Nxb8 c2 35. Rxc2 Rxc2+ 36. Kf3 Rxb2 37. Nc6 Ne4 38. Ra3 Rf2+ 39. Ke3 Rh2 40. Ra7 Rxh3+ 41. Ke2 Rg3 42. Ne5 Nd6 43. Rd7 Nc4 44. Rxf7+ Kg8 45. Rc7 Nxe5 46. dxe5 Rxg4 47. Re7 Rxf4 48. Rxe6 Kf7 49. Rd6 Re4+ 50. Kd3 Rxe5 51. Kd4 Rf5 52. Rd7+ Kg8 53. Kd3 h5 54. Kd4 h4 0-1


[Site "https://www.chess.com"]

[Event "Titled Tuesday Blitz January 10 Late 2023"]
[White "Kaminski, Victor"]
[Black "Delaere, Jeroen"]
[WhiteFideId "1131630"]
[BlackFideId "204129"]
[WhiteElo "2247"]
[BlackElo "2104"]
[Result "1-0"]
[Round "05"]
[TimeControl "180+2"]
[Date "2023.01.10"]
[WhiteClock "0:00:15"]
[BlackClock "0:00:05"]

1. e4 c5 2. Nf3 e6 3. g3 Nc6 4. Bg2 d5 5. exd5 exd5 6. d4 cxd4 7. O-O Nf6 8. Nxd4 Be7 9. c4 Nxd4 10. Qxd4 dxc4 11. Qxc4 O-O 12. Nc3 Be6 13. Qa4 Nd7 14. Be3 Nb6 15. Qc2 Qc8 16. Rac1 Nc4 17. Bd4 Bc5 18. Rfd1 Bxd4 19. Rxd4 Rb8 20. Nd5 Bxd5 21. Bxd5 Nb6 22. Qxc8 Rfxc8 23. Rxc8+ Rxc8 24. Bxb7 Rb8 25. b3 g6 26. Ba6 Re8 27. Kf1 Kg7 28. Bc4 Nxc4 29. Rxc4 Re7 30. Rc6 h5 31. h4 Kg8 32. Ra6 Kg7 33. Kg2 Kg8 34. Kf3 Kg7 35. Ra5 Kg8 36. b4 Kg7 37. a3 Kg8 38. b5 Kg7 39. a4 Kg8 40. Ra6 Kg7 41. a5 Rb7 42. b6 axb6 43. Rxb6 Ra7 44. a6 Kf8 45. Ke4 1-0


[Site "https://www.chess.com"]

[Event "Titled Tuesday Blitz January 10 Late 2023"]
[White "Michalski, Olaf"]
[Black "Dedona, Mark"]
[WhiteFideId "1106740"]
[BlackFideId "30920256"]
[WhiteElo "2273"]
[BlackElo "1662"]
[Result "0-1"]
[Round "05"]
[TimeControl "180+2"]
[Date "2023.01.10"]
[WhiteClock "0:00:07"]
[BlackClock "0:01:36"]

1. d4 Nf6 2. c4 c5 3. d5 e6 4. Nc3 exd5 5. cxd5 d6 6. Nf3 g6 7. Bf4 a6 8. a4 Bg7 9. Nd2 O-O 10. Nc4 Ne8 11. a5 g5 12. Bg3 f5 13. Nb6 Ra7 14. Nxc8 Qxc8 15. e3 Nd7 16. f4 g4 17. Bd3 c4 18. Bc2 Nc5 19. O-O Nf6 20. Bh4 Re8 21. Re1 Nfe4 22. Bxe4 Nxe4 23. Qc2 Bxc3 24. bxc3 Qc5 25. Bf2 Qxd5 26. Red1 Qe6 27. Rd4 Raa8 28. Rb1 Rab8 29. Rb6 Red8 30. Bh4 Rd7 31. Kf1 Nc5 32. Qe2 Nd3 33. Rxd3 cxd3 34. Qxd3 Re8 35. Bf2 Qe4 36. Qd2 Qc4+ 37. Kg1 Rc8 38. Rxd6 Rxd6 39. Qxd6 Qxc3 40. Qe6+ Kg7 41. Bh4 Qc1+ 42. Kf2 Rc2+ 43. Kg3 Qe1# 0-1


[Site "https://www.chess.com"]

[Event "Titled Tuesday Blitz January 10 Late 2023"]
[White "Adel, Sara"]
[Black "Gerbelli Neto, Eduardo"]
[WhiteFideId "10616764"]
[BlackFideId "2103281"]
[WhiteElo "1739"]
[BlackElo "2114"]
[Result "1/2-1/2"]
[Round "05"]
[TimeControl "180+2"]
[Date "2023.01.10"]
[WhiteClock "0:00:14"]
[BlackClock "0:00:04"]

1. e4 e5 2. Nf3 Nc6 3. Bc4 Nf6 4. d3 Bc5 5. c3 d6 6. Qe2 a5 7. Bb3 O-O 8. a4 h6 9. Nbd2 Be6 10. Bc2 d5 11. exd5 Bxd5 12. O-O Re8 13. Re1 Qd7 14. Nf1 e4 15. dxe4 Bxe4 16. Be3 Bd6 17. Rad1 Qg4 18. Bxe4 Nxe4 19. Qb5 Rab8 20. Bd4 Nxd4 21. Nxd4 Qf4 22. f3 Nf6 23. Rxe8+ Rxe8 24. Qd3 Bc5 25. Rd2 Rd8 26. Kh1 Bxd4 27. cxd4 c5 28. d5 Rxd5 29. Qe2 Rxd2 30. Nxd2 Qxa4 31. h3 Qa1+ 32. Kh2 Qxb2 33. Qd3 Qd4 34. Qc2 b5 35. Nb3 Qd6+ 36. g3 c4 37. Nxa5 Qb4 38. Nc6 Qb3 39. Ne7+ Kf8 40. Qe2 Qd3 41. Qe5 Qd2+ 42. Kh1 Qd1+ 43. Kh2 Qxf3 44. Nf5 Qf2+ 45. Kh1 Qf1+ 46. Kh2 Qf2+ 47. Kh1 Qf1+ 48. Kh2 Qf2+ 1/2-1/2


[Site "https://www.chess.com"]

[Event "Titled Tuesday Blitz January 10 Late 2023"]
[White "Harish, Neeraj"]
[Black "Skaric, Djuro"]
[WhiteFideId "30958130"]
[BlackFideId "934569"]
[WhiteElo "2232"]
[BlackElo "2334"]
[Result "0-1"]
[Round "05"]
[TimeControl "180+2"]
[Date "2023.01.10"]
[WhiteClock "0:00:03"]
[BlackClock "0:01:12"]

1. e4 d6 2. d4 Nf6 3. Nc3 g6 4. f4 Bg7 5. Nf3 O-O 6. Bd3 Nc6 7. O-O e5 8. fxe5 dxe5 9. d5 Ne7 10. Ne2 Ne8 11. c4 h6 12. Nc3 f5 13. Be3 f4 14. Bf2 g5 15. c5 Ng6 16. Bc4 Kh8 17. d6 cxd6 18. Nb5 g4 19. Ne1 Bd7 20. Nxd6 Nxd6 21. Qxd6 Rf6 22. Qd3 Bc6 23. Bd5 Qc7 24. Rd1 Raf8 25. Nc2 Ne7 26. Nb4 Be8 27. Bb3 g3 28. hxg3 fxg3 29. Qxg3 Bb5 30. Nd3 Ng6 31. a4 Bxd3 32. Bc2 Bxc2 0-1


[Site "https://www.chess.com"]

[Event "Titled Tuesday Blitz January 10 Late 2023"]
[White "Winkels, Marcel"]
[Black "Alexikov, Alexander"]
[WhiteFideId "1003887"]
[BlackFideId "14103958"]
[WhiteElo "1960"]
[BlackElo "2209"]
[Result "0-1"]
[Round "05"]
[TimeControl "180+2"]
[Date "2023.01.10"]
[WhiteClock "0:00:06"]
[BlackClock "0:00:19"]

1. d4 Nf6 2. Bf4 g6 3. Nc3 Bg7 4. e4 d6 5. Qd2 O-O 6. f3 Nc6 7. Nge2 e5 8. dxe5 Nxe5 9. O-O-O Re8 10. Bg5 Be6 11. h4 h5 12. Nd4 a6 13. g4 hxg4 14. h5 Bc4 15. Bxc4 Nxc4 16. Qh2 Re5 17. f4 Rxg5 18. fxg5 Nxh5 19. Nd5 Qxg5+ 20. Kb1 c6 21. Nc3 Re8 22. Rhf1 c5 23. Qf2 Re7 24. Nd5 Rd7 25. Nb3 Ne5 26. Nd2 b5 27. c3 g3 28. Qg2 c4 29. Nf3 Nxf3 30. Qxf3 Be5 31. Ne3 Qf4 32. Qe2 Qg5 33. Ng4 Bf4 34. e5 Re7 35. Rxd6 Bxe5 0-1


[Site "https://www.chess.com"]

[Event "Titled Tuesday Blitz January 10 Late 2023"]
[White "Vasques, Antonio Pedro Freixial"]
[Black "Aung Thant Zin"]
[WhiteFideId "1908332"]
[BlackFideId "13000063"]
[WhiteElo "2214"]
[BlackElo "2268"]
[Result "0-1"]
[Round "05"]
[TimeControl "180+2"]
[Date "2023.01.10"]
[WhiteClock "0:00:47"]
[BlackClock "0:01:25"]

1. Nf3 d5 2. d4 Nf6 3. c4 e6 4. Nc3 Be7 5. Bg5 O-O 6. e3 Ne4 7. Bxe7 Qxe7 8. cxd5 Nxc3 9. bxc3 exd5 10. Bd3 c6 11. h3 Nd7 12. O-O Re8 13. c4 dxc4 14. Bxc4 Nf6 15. Ne5 Be6 16. Bxe6 Qxe6 17. Qc2 Rac8 18. Rab1 b6 19. Rfc1 c5 20. Qa4 cxd4 21. exd4 Rcd8 22. Nc6 Rd7 23. Qb4 Nd5 24. Qd2 Qd6 25. Ne5 Rc7 26. Rc6 Rxc6 0-1


[Site "https://www.chess.com"]

[Event "Titled Tuesday Blitz January 10 Late 2023"]
[White "Abdyzhaparov, Aidar"]
[Black "Mitrovic, Darko R"]
[WhiteFideId "13800361"]
[BlackFideId "927023"]
[WhiteElo "1978"]
[BlackElo "2220"]
[Result "0-1"]
[Round "05"]
[TimeControl "180+2"]
[Date "2023.01.10"]
[WhiteClock "0:00:08"]
[BlackClock "0:00:05"]

1. Nf3 c5 2. c4 Nc6 3. d4 cxd4 4. Nxd4 Nf6 5. Nc3 g6 6. e4 d6 7. Be2 Bg7 8. Be3 O-O 9. O-O Be6 10. Rc1 Nxd4 11. Bxd4 Nd7 12. Be3 b6 13. f4 Rc8 14. b3 Nc5 15. f5 Bd7 16. Bd3 Bc6 17. Nd5 Bxd5 18. exd5 Qd7 19. Bb1 b5 20. Qf3 a5 21. Qh3 a4 22. b4 Na6 23. fxg6 Qxh3 24. gxh3 hxg6 25. cxb5 Nxb4 26. b6 Nxd5 27. Bf2 Rb8 28. Be4 Nxb6 29. Rb1 Nd7 30. Rbc1 Nc5 31. Bc6 Rbc8 32. Bb5 a3 33. Bc4 Bb2 34. Rc2 Kg7 35. h4 Ne4 36. h5 Nxf2 37. Kxf2 e6 38. Ke2 d5 39. Bb3 Rxc2+ 40. Bxc2 Rh8 41. Bb3 Rxh5 42. Rf2 Re5+ 43. Kd3 Rh5 44. Rg2 Be5 45. Kc2 Rxh2 46. Rxh2 Bxh2 47. Ba4 Be5 48. Kb3 Bb2 49. Be8 Kf6 50. Kc2 Ke7 51. Ba4 f6 52. Kd3 e5 53. Ke3 Ke6 54. Bb3 f5 55. Kf3 e4+ 56. Ke3 Ke5 57. Ke2 d4 58. Bc2 g5 59. Bb3 d3+ 60. Kf2 Kf4 61. Be6 e3+ 62. Ke1 Bc3+ 63. Kf1 e2+ 64. Kg2 e1=Q 65. Bxf5 Qe2+ 66. Kh3 Qf3+ 67. Kh2 Qg3+ 68. Kh1 Bd4 0-1


[Site "https://www.chess.com"]

[Event "Titled Tuesday Blitz January 10 Late 2023"]
[White "Hoffmann, Asa"]
[Black "Aspire_ie"]
[WhiteFideId "2001470"]
[WhiteElo "2185"]
[BlackElo "2352"]
[Result "1-0"]
[Round "05"]
[TimeControl "180+2"]
[Date "2023.01.10"]
[WhiteClock "0:01:05"]
[BlackClock "0:00:13"]

1. d4 d6 2. e4 Nf6 3. f3 g6 4. Be3 c6 5. Qd2 Nbd7 6. Nc3 b5 7. Bd3 Nb6 8. a3 Nc4 9. Bxc4 bxc4 10. Nge2 Rb8 11. Rb1 Bg7 12. Bh6 O-O 13. h4 e5 14. Bxg7 Kxg7 15. h5 Qe7 16. hxg6 fxg6 17. Qh6+ Kg8 18. dxe5 dxe5 19. Ng3 Rf7 20. Qg5 Ne8 21. Qxe7 Rxe7 22. Na4 Be6 23. Nc5 Bf7 24. Nf1 Nd6 25. Ne3 Nb5 26. c3 Nxc3 27. Rc1 Rxb2 28. Rxc3 Rb1+ 29. Nd1 Re8 30. O-O Rd8 31. Ne3 Rb2 32. Rf2 Rb5 33. Na6 Rd4 34. Nb4 c5 35. Nc6 1-0


[Site "https://www.chess.com"]

[Event "Titled Tuesday Blitz January 10 Late 2023"]
[White "Soyunlu, Narmin"]
[Black "Rosenberg, Evan S"]
[WhiteFideId "13400843"]
[BlackFideId "2019299"]
[WhiteElo "2013"]
[BlackElo "1956"]
[Result "1-0"]
[Round "05"]
[TimeControl "180+2"]
[Date "2023.01.10"]
[WhiteClock "0:00:16"]
[BlackClock "0:00:03"]

1. d4 d5 2. c4 e6 3. cxd5 exd5 4. Nc3 c6 5. Qc2 Nf6 6. Bg5 Be7 7. e3 O-O 8. Bd3 h6 9. Bh4 Re8 10. Nge2 Nh5 11. Bxe7 Qxe7 12. O-O Qg5 13. Ng3 Nxg3 14. hxg3 Nd7 15. e4 Nf6 16. e5 Ng4 17. Be2 Qh5 18. Bxg4 Bxg4 19. f3 Bf5 20. Qd2 Qg6 21. Kf2 f6 22. Rfe1 fxe5 23. dxe5 Be6 24. Ne2 c5 25. Nf4 Qf7 26. Rad1 d4 27. Nxe6 Qxe6 28. Qd3 Qxa2 29. Rd2 Qd5 30. f4 Re6 31. Qe4 Qxe4 32. Rxe4 Rae8 33. Rc2 b6 34. Rce2 Kf7 35. f5 Rc6 36. Kf3 Rd8 37. Rd2 Ke7 38. Kf4 Rd5 39. g4 a5 40. g5 hxg5+ 41. Kxg5 a4 42. Kf4 b5 43. g4 b4 44. g5 a3 45. bxa3 b3 46. f6+ gxf6 47. exf6+ Kf7 48. Re7+ Kf8 49. Rh2 1-0


[Site "https://www.chess.com"]

[Event "Titled Tuesday Blitz January 10 Late 2023"]
[White "Ankerst, Mihael"]
[Black "Marin Masis, Jose Esteban"]
[WhiteFideId "14602369"]
[BlackFideId "6508146"]
[WhiteElo "2370"]
[BlackElo "1938"]
[Result "1-0"]
[Round "05"]
[TimeControl "180+2"]
[Date "2023.01.10"]
[WhiteClock "0:00:55"]
[BlackClock "0:00:03"]

1. e4 c5 2. Nf3 Nc6 3. d4 cxd4 4. Nxd4 Nf6 5. Nc3 e5 6. Ndb5 d6 7. Bg5 a6 8. Na3 b5 9. Bxf6 gxf6 10. Nd5 f5 11. g3 fxe4 12. Bg2 Bf5 13. f3 exf3 14. Qxf3 Nd4 15. Nf6+ Qxf6 16. Qxa8+ Qd8 17. Qxd8+ Kxd8 18. c3 Ne6 19. O-O Bg6 20. Rad1 Kc7 21. Bd5 Bh6 22. Kg2 Nc5 23. Bxf7 Be4+ 24. Kh3 Rf8 25. Bh5 Rg8 26. Rf6 Bg5 27. Rf7+ Kc6 28. Bf3 Bxf3 29. Rxf3 e4 30. Rf5 Rg6 31. Nc2 e3 32. Re1 Ne4 33. Nxe3 Bxe3 34. Rxe3 Ng5+ 35. Kh4 1-0


[Site "https://www.chess.com"]